 Dungeon Crawl Stone Soup version 0.31-a0-819-gf6de2f5ab6 (webtiles) character file.

Game seed: 13983173754700303113

399 qw the Shooter (level 6, -9/39 HPs)
             Began as a Gargoyle Hunter on Sept 23, 2023.
             Killed from afar by Ijyb (16 damage)
             ... with a bolt of acid
             ... on level 4 of the Dungeon.
             The game lasted 00:00:52 (2065 turns).

qw the Shooter (Gargoyle Hunter)                    Turns: 2065, Time: 00:00:52

Health: -9/39      AC:  9    Str: 14      XL:     6   Next: 84%
Magic:  0/6        EV: 10    Int: 10      God:
Gold:   196        SH:  0    Dex: 14 (15) Spells: 5/5 levels left

rFire   . . .        Y - +0 shortbow
rCold   . . .        (shield currently unavailable)
rNeg    + . .        f - +0 ring mail
rPois   inf          (no helmet)
rElec   +            e - +2 cloak
rCorr   .            (no gloves)
SInv    .            m - +0 pair of boots
Will    .....        b - amulet of guardian spirit
Stlth   +            (no ring)
HPRegen 0.26/turn    (no ring)
MPRegen 0.10/turn

%: guardian spirit
@: corroded
A: sickness immunity, AC +4, negative energy resistance 1, electricity
resistance, torment resistance 1, petrification resistance
a: no special abilities


You were on level 4 of the Dungeon.
You visited 1 branch of the dungeon, and saw 4 of its levels.

You collected 196 gold pieces.


Innate Abilities, Weirdness & Mutations

You are immune to sickness and miasma.
Your stone body is resilient. (AC +4)
You are immune to poison.
You resist negative energy. (rN+)
You are resistant to electric shocks. (rElec)
You are resistant to unholy torment.
You are immune to petrification.


   Skills:
 - Level 4.5 Fighting
 + Level 6.9 Ranged Weapons
 - Level 1.0 Armour
 - Level 1.5 Dodging
 - Level 1.1 Stealth


You had 5 spell levels left.
You didn't know any spells.
Your spell library was empty.

Inventory:

Hand Weapons
 Y - a +0 shortbow (weapon)
Armour
 e - a +2 cloak (worn)
 f - a +0 ring mail (worn)
 m - a +0 pair of boots (worn)
Jewellery
 b - an amulet of guardian spirit (around neck)
 h - a ring of fire
Scrolls
 i - 2 scrolls of identify
Potions
 c - a potion of haste
 j - a potion of mutation

Dungeon Overview and Level Annotations

Branches:
Dungeon (4/15)             Temple (0/1) D:4

Altars:
Dithmenos
Xom

Shops:
D:1 :

Annotations:
D:4 Eustachio, Grinder, Ijyb


Message History

2054 ||| READING scroll of teleportation.
As you read the scroll of teleportation, it crumbles to dust.
You feel strangely unstable. The black bear barely misses you.
The black bear claws you.
The black bear claws you but does no damage.
The goblin completely misses you.
A goblin comes into view. It is wielding a +0 dagger.
2055 ||| DRINKING potion of heal wounds.
You feel much better. The black bear bites you.
The black bear claws you but does no damage.
The black bear barely misses you. The goblin hits you but does no damage.
You shoot an arrow. The arrow hits the black bear.
The black bear is lightly wounded.
Your surroundings suddenly seem different.
Ijyb the Twisted Goblin comes into view.
She is wielding a +0 dagger and carrying a wand of acid.
Found 16 gold pieces.
Found a shadowy altar of Dithmenos.
Ijyb shouts!
You shoot an arrow. The arrow barely misses Ijyb.
You shoot an arrow. The arrow barely misses Ijyb.
Ijyb zaps a wand.
The bolt of acid misses you.
You shoot an arrow. The arrow hits Ijyb but does no damage.
You shoot an arrow. The arrow hits Ijyb but does no damage.
Ijyb zaps a wand.
The bolt of acid hits you.
You shoot an arrow. The arrow hits Ijyb!
Ijyb is moderately wounded.
Ijyb barely misses you.
You shoot an arrow. The arrow hits Ijyb but does no damage.
Ijyb is moderately wounded.
Ijyb zaps a wand.
The bolt of acid hits you.
You shoot an arrow. The arrow hits Ijyb but does no damage.
Ijyb is moderately wounded.
Ijyb zaps a wand.
The bolt of acid hits you! The acid corrodes you!
You shoot an arrow. The arrow hits Ijyb but does no damage.
Ijyb is moderately wounded.
Ijyb barely misses you.
You shoot an arrow. The arrow barely misses Ijyb.
Ijyb screams, "I cut your head off!"
Ijyb zaps a wand.
The bolt of acid hits you!
You die...

..#######
.......@#
.$......g....¤¤
#.######...#.¤¤
....¤ .##### .#
.# .#


You could see Ijyb.

Vanquished Creatures
  Sigmund (D:2)
  A phantom (D:4)
  A scorpion (D:4)
  A jelly (D:4)
  An adder (D:3)
  2 worms (D:3)
  3 endoplasms
  4 giant cockroaches
  7 goblins
  10 hobgoblins
  5 kobolds
  2 quokkas
  6 ball pythons
  4 frilled lizards
  5 rats
53 creatures vanquished.

Notes
Turn   | Place    | Note
-------+----------+-------------------------------------------
     0 | D:1      | qw the Gargoyle Hunter began the quest for the Orb.
     0 | D:1      | Reached XP level 1. HP: 12/12 MP: 1/1
     0 | D:1      | 0 ||| qw: Version: 0.3-a-83-gcd0e7d8
     0 | D:1      | 0 ||| qw: Game counter: 1616
     0 | D:1      | 0 ||| qw: Melee chars always use a shield: true
     0 | D:1      | 0 ||| qw: God list: Okawaru
     0 | D:1      | 0 ||| qw: Allow faded altars: false
     0 | D:1      | 0 ||| qw: Do Orc after clearing Dungeon:15 true
     0 | D:1      | 0 ||| qw: Do second Lair branch before Depths: true
     0 | D:1      | 0 ||| qw: Lair rune preference: random
     0 | D:1      | 0 ||| qw: Goals: Normal
     0 | D:1      | 0 ||| PLANNING D:1-11
    60 | D:1      | Found Tunuruom's Book Boutique.
   164 | D:1      | Reached XP level 2. HP: 17/17 MP: 2/2
   417 | D:1      | Noticed a golden eye
   420 | D:1      | Found a faded altar of an unknown god.
   422 | D:1      | Noticed a floating eye
   422 | D:1      | Noticed a shining eye
   422 | D:1      | Noticed a shining eye
   740 | D:1      | 740 ||| UPGRADING to +2 cloak.
   745 | D:1      | 745 ||| UPGRADING to +0 ring mail.
   755 | D:1      | 755 ||| DROPPING +0 leather armour.
   756 | D:1      | 756 ||| READING 2 scrolls labelled DUHENW UNGUFIQ.
   759 | D:1      | 759 ||| READING 2 scrolls labelled POUCIKH IXODOTT.
   760 | D:1      | 760 ||| DROPPING scroll of butterflies.
   822 | D:2      | Reached XP level 3. HP: 21/21 MP: 3/3
   873 | D:2      | Reached skill level 1 in Armour
   891 | D:2      | Noticed Sigmund
   915 | D:2      | Killed Sigmund
   916 | D:2      | Reached skill level 6 in Ranged Weapons
   916 | D:2      | Reached XP level 4. HP: 14/26 MP: 4/4
   916 | D:2      | Reached XP level 5. HP: 16/30 MP: 5/5
  1310 | D:2      | 1310 ||| UPGRADING to +0 pair of boots.
  1315 | D:2      | 1315 ||| READING scroll labelled DETYNA KEILODU.
  1316 | D:2      | 1316 ||| READING scroll labelled YXANAG CYTEILI.
  1317 | D:2      | 1317 ||| READING scroll labelled MOTTOA NEKU.
  1318 | D:2      | 1318 ||| READING scroll labelled CIRPHE ZUDWOPT.
  1319 | D:2      | 1319 ||| READING scroll labelled YNKANA TOMOR.
  1320 | D:2      | 1320 ||| DRINKING 3 bubbling coppery potions.
  1321 | D:2      | 1321 ||| READING 3 scrolls of identify.
  1321 | D:2      | 1321 ||| IDENTIFYING green potion
  1322 | D:2      | 1322 ||| READING 2 scrolls of identify.
  1322 | D:2      | 1322 ||| IDENTIFYING bubbling purple potion
  1389 | D:3      | Reached XP level 6. HP: 36/36 MP: 6/6
  1561 | D:3      | Found a shimmering altar of Xom.
  1926 | D:3      | 1926 ||| UPGRADING to amulet of guardian spirit.
  1931 | D:3      | 1931 ||| READING scroll labelled ZUYRUGG PUAD.
  1932 | D:3      | 1932 ||| READING 3 scrolls of identify.
  1932 | D:3      | 1932 ||| IDENTIFYING clear potion
  1933 | D:3      | 1933 ||| DROPPING potion of brilliance.
  1989 | D:4      | Noticed Eustachio
  1993 | D:4      | 1993 ||| RETREEAATING.
  1994 | D:4      | 1994 ||| Stepping ~*~*~tactically~*~*~ (retreating).
  1995 | D:4      | 1995 ||| Stepping ~*~*~tactically~*~*~ (retreating).
  1998 | D:4      | Reached skill level 3 in Fighting
  2012 | D:4      | Found a staircase to the Ecumenical Temple.
  2013 | D:4      | 2013 ||| PLANNING TEMPLE
  2013 | D:4      | 2013 ||| Stepping ~*~*~tactically~*~*~ (retreating).
  2032 | D:4      | HP: 9/39 [quasit[Eustachio] (1)]
  2033 | D:4      | 2033 ||| READING 2 scrolls of teleportation.
  2034 | D:4      | 2034 ||| DRINKING 2 potions of heal wounds.
  2037 | D:4      | Noticed Grinder
  2037 | D:4      | Noticed a black bear
  2038 | D:4      | 2038 ||| Stepping ~*~*~tactically~*~*~ (retreating).
  2039 | D:4      | 2039 ||| Stepping ~*~*~tactically~*~*~ (retreating).
  2040 | D:4      | 2040 ||| Stepping ~*~*~tactically~*~*~ (retreating).
  2041 | D:4      | 2041 ||| Stepping ~*~*~tactically~*~*~ (retreating).
  2043 | D:4      | Paralysed by Grinder for 4 turns
  2053 | D:4      | HP: 7/39 [black bear (3)]
  2054 | D:4      | 2054 ||| READING scroll of teleportation.
  2055 | D:4      | 2055 ||| DRINKING potion of heal wounds.
  2056 | D:4      | Found a shadowy altar of Dithmenos.
  2056 | D:4      | Noticed Ijyb
  2063 | D:4      | HP: 6/39 [Ijyb/bolt of acid (15)]
  2065 | D:4      | Killed from afar by Ijyb

Levels and vault maps discovered:
D:1:      minmay_arrival_loop, layout_basic,
          hellmonk_ecumenical_altar_watching_god, serial_shops, shop,
          minmay_tiny_reverse_x
D:2:      layout_basic, grunt_decor_cap, uniq_sigmund
D:3:      layout_basic, lemuel_doored_altar
D:4:      layout_loops_ring, mainiacjoe_overflow_six_doors_small,
          grunt_dithmenos_smoke, minmay_temple_entry_butterflies,
          ebering_ghost_reflecting_pool, uniq_ijyb, uniq_robin, uniq_grinder,
          uniq_eustachio

Skill      XL: |  1  2  3  4  5  6 |
---------------+-------------------+-----
Armour         | 1 |  1.0
Ranged Weapons | 6 |  6.9
Fighting       | 4 |  4.5
Dodging        | |  1.5
Stealth        | |  1.1

Action                     |  1- 3 |  4- 6 || total
---------------------------+-------+-------++-------
   Fire: Shortbow          |    84 |   106 ||   190
    Use: Scroll            |     2 |    11 ||    13
         Potion            |       |     3 ||     3
 Armour: Leather armour    |     5 |       ||     5
         Ring mail         |    10 |   114 ||   124
  Dodge: Dodged            |    10 |    70 ||    80

Table legend:
 A = Non-vault XP
 B = Vault XP
 C = Vault XP percentage of total XP
 D = Non-vault monster count
 E = Vault monster count
 F = Vault count percentage of total count
                 A         B        C        D         E       F
            +---------+---------+-------+---------+---------+-------
      Total |     327 |     244 |  42.7 |      49 |       4 |   7.5
            +---------+---------+-------+---------+---------+-------
        D:1 |      27 |       3 |  10.0 |      15 |       2 |  11.8
        D:2 |      28 |     239 |  89.5 |      18 |       1 |   5.3
        D:3 |      35 |       0 |   0.0 |      10 |       0 |   0.0
        D:4 |     237 |       2 |   0.8 |       6 |       1 |  14.3
            +---------+---------+-------+---------+---------+-------
